Map: Apotheosis LE

Players

LiquidVortiX (Vortix)

  • Race: Zerg Zerg
  • League: Master

Reynor - Winner!

  • Race: Zerg Zerg
  • League: Master

Event: DreamHack ZOWIE Open Valencia 2016

VOD

Have the link to the VOD?

Description

Time

  • Played on: July 15, 2016, 11:25 a.m.
  • Length: 8:46

All games in this series

Show
View Real Time Build Order
Export as new Build Order

LiquidVortiX Zerg 

Build Orders: Pool First, Zergling Baneling 

Get SALT Encoding   

  12  0:00  Drone  
  13  0:13  Extractor  
  12  0:24  Spawning Pool  
  11  0:29  Drone  
  11  0:34  Drone  
  13  0:39  Drone  
  14  0:51  Overlord  
  14  1:11  Zergling x4  
  16  1:12  Metabolic Boost  
  16  1:16  Zergling x2  
  17  1:23  Zergling x2  
  18  1:33  Zergling x2, Baneling Nest  
  18  1:44  Zergling x2  
  19  1:52  Queen  
  21  1:56  Zergling x2  
  22  2:09  Overlord  
  22  2:16  Baneling x3  
  22  2:21  Baneling  
  22  2:28  Zergling x4  
  24  2:41  Zergling x2  
  21  3:01  Drone x4  
  22  3:18  Hatchery  
  21  3:21  Zergling x2  
  21  3:25  Zergling x2  
  23  3:38  Drone x2  
  25  3:44  Zergling x4  
  27  3:50  Zergling x2  
  28  3:57  Zergling x2  
  29  4:08  Zergling x2  
  30  4:11  Baneling x2  
  30  4:12  Hatchery  
  30  4:14  Baneling  
  30  4:15  Baneling  
  29  4:17  Baneling  
  29  4:24  Queen  
  29  4:25  Overlord, Extractor  
  31  4:44  Drone x4  
  31  4:45  Drone  
  36  4:48  Drone  
  37  4:57  Drone  
  37  5:07  Overlord  
  37  5:27  Drone x4  
  41  5:40  Evolution Chamber x2  
  39  5:43  Drone x5  
  43  5:59  Zergling x4, Hatchery  
  43  6:00  Zergling x4  
  46  6:06  Zergling x6  
  50  6:19  Zerg Melee Weapons Level 1, Zerg Ground Armor Level 1  
  50  6:26  Hatchery  
  50  6:29  Overlord x2  
  50  6:31  Zergling x4  
  51  6:38  Overlord x2  
  51  6:46  Zergling x2  
  52  6:48  Overlord  
  52  6:58  Zergling x2  
  52  6:59  Zergling x14  
  58  7:03  Zergling x2  
  58  7:04  Zergling x2  
  50  7:19  Zergling x4  
  50  7:20  Zergling x4, Queen  
  53  7:23  Zergling x8  
  53  7:24  Zergling x2  
  58  7:33  Zergling x2  
  58  7:35  Zergling x2  
  58  7:36  Hatchery  
  55  7:41  Zergling x2  
  56  7:49  Zergling x2  
  56  7:52  Zergling x2  
  56  7:55  Zergling x6  
  56  7:57  Zergling x2  
  60  8:02  Zergling x2  
  60  8:09  Zergling x2  
  59  8:15  Zergling x2  
  61  8:24  Zergling x8  
  61  8:26  Zergling x2  
Show
View Real Time Build Order
Export as new Build Order

Reynor Zerg - Winner!

Build Orders: Pool First 

Get SALT Encoding   

  12  0:01  Drone  
  13  0:12  Overlord  
  13  0:17  Drone  
  14  0:23  Extractor  
  14  0:24  Drone  
  15  0:31  Drone  
  15  0:35  Drone  
  17  0:47  Spawning Pool  
  17  0:49  Drone  
  17  0:51  Extractor  
  17  0:56  Drone  
  17  1:06  Drone  
  18  1:25  Hatchery  
  17  1:27  Drone  
  18  1:38  Zergling x2  
  18  1:39  Zergling x2  
  20  1:44  Queen  
  22  1:50  Overlord  
  22  1:56  Metabolic Boost  
  22  2:12  Drone  
  22  2:13  Zergling x2  
  24  2:19  Queen  
  24  2:20  Spine Crawler  
  25  2:23  Zergling x2  
  26  2:32  Spine Crawler  
  26  2:33  Zergling x2  
  26  2:37  Zergling x2  
  26  2:43  Zergling x2  
  25  2:48  Zergling x2  
  26  2:54  Zergling x2  
  26  2:57  Zergling x2  
  19  3:07  Zergling x2  
  20  3:16  Zergling x2  
  21  3:26  Drone  
  22  3:27  Zergling x2  
  22  3:30  Zergling x2  
  24  3:36  Drone  
  25  3:42  Drone  
  25  3:45  Drone  
  27  3:49  Drone  
  27  3:55  Drone  
  29  3:57  Zergling x2  
  29  4:02  Zergling x2  
  28  4:08  Drone x2  
  30  4:10  Zergling x2  
  31  4:18  Drone x2  
  31  4:24  Overlord  
  33  4:28  Zergling x2  
  34  4:37  Zergling x2  
  35  4:40  Overlord  
  35  4:46  Baneling Nest  
  34  4:55  Queen  
  34  4:58  Drone x3  
  39  5:06  Drone x2  
  41  5:07  Drone  
  41  5:10  Drone  
  43  5:19  Drone x3  
  46  5:23  Overlord  
  46  5:29  Overlord  
  46  5:33  Drone  
  46  5:39  Drone  
  46  5:45  Zergling x2  
  47  5:50  Drone, Roach Warren  
  47  5:52  Queen  
  47  5:55  Zergling x2  
  50  5:59  Zergling x4, Drone  
  53  6:06  Baneling x3  
  53  6:08  Zergling x4  
  53  6:09  Drone x2  
  53  6:10  Drone  
  57  6:14  Overlord  
  57  6:15  Drone  
  57  6:26  Extractor, Hatchery  
  57  6:27  Zergling x2  
  57  6:29  Overlord  
  56  6:33  Drone x2  
  56  6:34  Drone  
  56  6:39  Zergling x2  
  60  6:44  Zergling x2  
  60  6:45  Zergling x2  
  62  6:49  Overlord  
  62  6:50  Zergling x2  
  62  6:53  Baneling  
  63  6:56  Zergling x2  
  64  7:07  Roach x4  
  71  7:10  Overlord  
  71  7:12  Roach  
  67  7:17  Roach  
  67  7:20  Roach, Zergling x4  
  71  7:29  Roach  
  73  7:33  Roach  
  73  7:36  Roach  
  76  7:38  Zergling x2  
  76  7:39  Zergling x4  
  78  7:46  Zergling x6, Baneling  
  78  7:47  Zergling x2, Baneling  
  78  7:50  Roach  
  84  7:56  Zergling x2  
  84  7:57  Zergling x4  
  87  7:59  Baneling x2  
  87  8:00  Zergling x2  
  87  8:04  Zergling x6  
  89  8:07  Zergling x2  
  89  8:10  Zergling x2  
  88  8:13  Zergling x6  
  88  8:16  Baneling x3  
  88  8:17  Overlord  
  90  8:21  Zergling x6  
  90  8:25  Roach  
  86  8:30  Baneling  

Tags
 
Add a new tag
Caveats
  • Supply blocks, unpowered buildings, or Contaminate may cause inaccurate times.
  • Supply counts are checked every 10 seconds.